TOP OF THE 1ST |
Harrisburg Senators batting - Pitching for Reading Fightin Phils : RHP Joe Kimbrough
|
Pitching: RHP Joe Kimbrough
|
|
Batting: RHB Marcus Dawson
|
0-0: Ball 1-0: Swinging Strike 1-1: Foul Ball, location: 2F 1-2: Ball 2-2: Strikes out swinging
|
Batting: RHB John McNeill
|
0-0: Foul Ball, location: 2F 0-1: Ground out U3 (Groundball, 3S, EV 88.1 MPH)
|
Batting: RHB Donovan Auclair
|
0-0: Ball 1-0: Called Strike 1-1: Foul Ball, location: 2F 1-2: Foul Ball, location: 2F 1-2: Strikes out looking
|
Top of the 1st over - 0 runs, 0 hits, 0 errors, 0 left on base; Harrisburg 0 - Reading 0 |
BOTTOM OF THE 1ST |
Reading Fightin Phils batting - Pitching for Harrisburg Senators : RHP Kalititi Haki
|
Pitching: RHP Kalititi Haki
|
|
Batting: RHB Matt Strong
|
0-0: Called Strike 0-1: Ball 1-1: SINGLE (Line Drive, 8LS, EV 104.4 MPH)
|
Batting: LHB Danny Hill
|
0-0: Swinging Strike 0-1: Swinging Strike 0-2: Ball 1-2: Ball 2-2: Fly out, F7 (Flyball, 78XD, EV 97.5 MPH)
|
Batting: RHB Austin Wiebe
|
0-0: Called Strike 0-1: Ball 1-1: Ball 2-1: Fly out, F7 (Flyball, 7, EV 81.9 MPH)
|
Batting: LHB Chris Fandino
|
0-0: Ball 1-0: Called Strike 1-1: Ball 2-1: Foul Ball, location: 2F 2-2: Fly out, F6 (Flyball, 6MD, EV 91.2 MPH)
|
Bottom of the 1st over - 0 runs, 1 hit, 0 errors, 1 left on base; Harrisburg 0 - Reading 0 |
TOP OF THE 2ND |
Harrisburg Senators batting - Pitching for Reading Fightin Phils : RHP Joe Kimbrough
|
Batting: RHB Deshawn Boseman
|
0-0: Ground out 6-3 (Groundball, 6, EV 85.6 MPH)
|
Batting: LHB Shinji Adachi
|
0-0: Swinging Strike 0-1: Ball 1-1: Called Strike 1-2: Strikes out swinging
|
Batting: RHB Juan Taveras
|
0-0: DOUBLE (Line Drive, 8LD, EV 102.5 MPH)
|
Batting: LHB Adam Jacobs
|
0-0: Called Strike 0-1: Ball 1-1: Ball 2-1: Called Strike 2-2: Ground out 4-3 (Groundball, 4, EV 96.9 MPH)
|
Top of the 2nd over - 0 runs, 1 hit, 0 errors, 1 left on base; Harrisburg 0 - Reading 0 |
BOTTOM OF THE 2ND |
Reading Fightin Phils batting - Pitching for Harrisburg Senators : RHP Kalititi Haki
|
Batting: LHB Darrell Ortega
|
0-0: Foul Ball, location: 2F 0-1: Ball 1-1: SOLO HOME RUN (Flyball, 9D, EV 98.8 MPH), Distance : 367 ft
|
Batting: LHB Michael Tuttle
|
0-0: Ball 1-0: Ground out 5-3 (Groundball, 56S, EV 88.1 MPH)
|
Batting: RHB Kory Sanchez
|
0-0: Foul Ball, location: 2F 0-1: Ball 1-1: Foul Ball, location: 2F 1-2: Ball 2-2: Ball 3-2: SINGLE (Flyball, 8RS, EV 99.4 MPH)
|
Batting: RHB Fletcher Easter
|
0-0: Called Strike 0-1: Foul Ball, location: 2F 0-2: Ball 1-2: 2-RUN HOME RUN (Line Drive, 9D, EV 100.0 MPH), Distance : 383 ft
|
Batting: RHB Gary Hills
|
0-0: Swinging Strike 0-1: Foul Ball, location: 2F 0-2: Strikes out swinging
|
Batting: RHB Matt Strong
|
0-0: Reached via error on a dropped throw from 3B, E3 (Groundball, 56, EV 102.5 MPH)
|
Batting: LHB Danny Hill
|
0-0: Ball 1-0: Ground out 4-3 (Groundball, 4, EV 80.6 MPH)
|
Bottom of the 2nd over - 3 runs, 3 hits, 1 error, 1 left on base; Harrisburg 0 - Reading 3 |
TOP OF THE 3RD |
Harrisburg Senators batting - Pitching for Reading Fightin Phils : RHP Joe Kimbrough
|
Batting: RHB Felix Torres
|
0-0: Called Strike 0-1: Ball 1-1: Swinging Strike 1-2: Strikes out swinging
|
Batting: RHB Chris Pynn
|
0-0: Ground out 3-1 (Groundball, 34S, EV 81.9 MPH)
|
Batting: RHB Marcus Dawson
|
0-0: Ground out 6-3 (Groundball, 6, EV 86.9 MPH)
|
Top of the 3rd over - 0 runs, 0 hits, 0 errors, 0 left on base; Harrisburg 0 - Reading 3 |
BOTTOM OF THE 3RD |
Reading Fightin Phils batting - Pitching for Harrisburg Senators : RHP Kalititi Haki
|
Batting: RHB Austin Wiebe
|
0-0: Called Strike 0-1: Foul Ball, location: 2F 0-2: Ball 1-2: Foul Ball, location: 2F 1-2: Ball 2-2: Ground out 4-3 (Groundball, 4, EV 103.8 MPH)
|
Batting: LHB Chris Fandino
|
0-0: Called Strike 0-1: Ball 1-1: Foul Ball, location: 2F 1-2: Foul Ball, location: 2F 1-2: Foul Ball, location: 2F 1-2: Foul Ball, location: 2F 1-2: Foul Ball, location: 2F 1-2: Ball 2-2: Ball 3-2: Foul Ball, location: 2F 3-2: Ground out 6-3 (Groundball, 56D, EV 84.4 MPH)
|
Batting: LHB Darrell Ortega
|
0-0: Ball 1-0: Ball 2-0: Ball 3-0: Base on Balls
|
Batting: LHB Michael Tuttle
|
0-0: Ball 1-0: Fly out, F9 (Flyball, 9, EV 87.5 MPH)
|
Bottom of the 3rd over - 0 runs, 0 hits, 0 errors, 1 left on base; Harrisburg 0 - Reading 3 |
TOP OF THE 4TH |
Harrisburg Senators batting - Pitching for Reading Fightin Phils : RHP Joe Kimbrough
|
Batting: RHB John McNeill
|
0-0: Ball 1-0: Ball 2-0: Fly out, F8 (Flyball, 78D, EV 99.4 MPH)
|
Batting: RHB Donovan Auclair
|
0-0: Swinging Strike 0-1: Foul Ball, location: 2F 0-2: Strikes out looking
|
Batting: RHB Deshawn Boseman
|
0-0: Called Strike 0-1: Foul Ball, location: 2F 0-2: Ground out 6-3 (Groundball, 6, EV 93.1 MPH)
|
Top of the 4th over - 0 runs, 0 hits, 0 errors, 0 left on base; Harrisburg 0 - Reading 3 |
BOTTOM OF THE 4TH |
Reading Fightin Phils batting - Pitching for Harrisburg Senators : RHP Kalititi Haki
|
Batting: RHB Kory Sanchez
|
0-0: Ball 1-0: Ball 2-0: Called Strike 2-1: Fly out, F9 (Flyball, 9LM, EV 81.9 MPH)
|
Batting: RHB Fletcher Easter
|
0-0: Ball 1-0: Foul Ball, location: 2F 1-1: Called Strike 1-2: Ball 2-2: Ball 3-2: Ground out 6-3 (Groundball, 6D, EV 105.0 MPH)
|
Batting: RHB Gary Hills
|
0-0: Ball 1-0: Ball 2-0: DOUBLE (Line Drive, 7LM, EV 108.1 MPH)
|
Batting: RHB Matt Strong
|
0-0: Foul Ball, location: 2F 0-1: Ball 1-1: Ball 2-1: Foul Ball, location: 2F 2-2: Ball 3-2: Base on Balls
|
Batting: LHB Danny Hill
|
0-0: Ball 1-0: Fly out, F9 (Flyball, 9LD, EV 92.5 MPH)
|
Bottom of the 4th over - 0 runs, 1 hit, 0 errors, 2 left on base; Harrisburg 0 - Reading 3 |
TOP OF THE 5TH |
Harrisburg Senators batting - Pitching for Reading Fightin Phils : RHP Joe Kimbrough
|
Batting: LHB Shinji Adachi
|
0-0: Called Strike 0-1: Ball 1-1: Ball 2-1: Ball 3-1: Base on Balls
|
Batting: RHB Juan Taveras
|
0-0: Called Strike 0-1: Foul Ball, location: 2F 0-2: Foul Ball, location: 2F 0-2: Grounds into double play, 6-4-3 (Groundball, 6, EV 83.1 MPH)
|
Batting: LHB Adam Jacobs
|
0-0: Ball 1-0: Called Strike 1-1: Ball 2-1: Ball 3-1: SINGLE (Groundball, 4D, EV 110.0 MPH)
|
Batting: RHB Felix Torres
|
0-0: Ball 1-0: Ground out 4-3 (Groundball, 34, EV 102.5 MPH)
|
Top of the 5th over - 0 runs, 1 hit, 0 errors, 1 left on base; Harrisburg 0 - Reading 3 |
BOTTOM OF THE 5TH |
Reading Fightin Phils batting - Pitching for Harrisburg Senators : RHP Kalititi Haki
|
Batting: RHB Austin Wiebe
|
0-0: Called Strike 0-1: Ball 1-1: Ball 2-1: Foul Ball, location: 2F 2-2: Foul Ball, location: 2F 2-2: Ball 3-2: Fly out, F4 (Line Drive, 4, EV 76.2 MPH)
|
Batting: LHB Chris Fandino
|
0-0: Called Strike 0-1: Ball 1-1: Ball 2-1: Ground out U3 (Groundball, 3, EV 106.9 MPH)
|
Batting: LHB Darrell Ortega
|
0-0: Foul Ball, location: 2F 0-1: SINGLE (Groundball, 6D, EV 95.0 MPH)
|
Pitching: RHP Sam Wood
|
|
Batting: LHB Michael Tuttle
|
0-0: Ball 1-0: Called Strike 1-1: Ball 2-1: Swinging Strike 2-2: Fielders Choice at 2nd, 6-4 (Groundball, 4M, EV 80.0 MPH)
|
Bottom of the 5th over - 0 runs, 1 hit, 0 errors, 1 left on base; Harrisburg 0 - Reading 3 |
TOP OF THE 6TH |
Harrisburg Senators batting - Pitching for Reading Fightin Phils : RHP Joe Kimbrough
|
Batting: RHB Chris Pynn
|
0-0: Foul Ball, location: 2F 0-1: Foul Ball, location: 2F 0-2: Foul Ball, location: 2F 0-2: Strikes out looking
|
Batting: RHB Marcus Dawson
|
0-0: Foul Ball, location: 2F 0-1: Called Strike 0-2: Ball 1-2: Strikes out swinging
|
Batting: RHB John McNeill
|
0-0: Ball 1-0: Fly out, F9 (Flyball, 89D, EV 88.8 MPH)
|
Top of the 6th over - 0 runs, 0 hits, 0 errors, 0 left on base; Harrisburg 0 - Reading 3 |
BOTTOM OF THE 6TH |
Reading Fightin Phils batting - Pitching for Harrisburg Senators : RHP Sam Wood
|
Batting: RHB Kory Sanchez
|
0-0: Ball 1-0: Foul Ball, location: 2F 1-1: Ball 2-1: Foul Ball, location: 2F 2-2: SINGLE (Groundball, 6D, EV 106.2 MPH)
|
Batting: RHB Fletcher Easter
|
0-0: Foul Ball, location: 2F 0-1: Swinging Strike 0-2: Ball 1-2: Fly out, F5 (Popup, 5F, EV 71.2 MPH)
|
Batting: RHB Gary Hills
|
0-0: Ball 1-0: Ball 2-0: Called Strike 2-1: Grounds into double play, 6-4-3 (Groundball, 6, EV 101.9 MPH)
|
Bottom of the 6th over - 0 runs, 1 hit, 0 errors, 0 left on base; Harrisburg 0 - Reading 3 |
TOP OF THE 7TH |
Harrisburg Senators batting - Pitching for Reading Fightin Phils : RHP Joe Kimbrough
|
Batting: RHB Donovan Auclair
|
0-0: Foul Ball, location: 2F 0-1: Foul Ball, location: 2F 0-2: Ball 1-2: Strikes out swinging
|
Batting: RHB Deshawn Boseman
|
0-0: Called Strike 0-1: Called Strike 0-2: Ball 1-2: Ball 2-2: Strikes out swinging
|
Batting: LHB Shinji Adachi
|
0-0: Called Strike 0-1: Ground out U3 (Groundball, 34, EV 83.1 MPH)
|
Top of the 7th over - 0 runs, 0 hits, 0 errors, 0 left on base; Harrisburg 0 - Reading 3 |
BOTTOM OF THE 7TH |
Reading Fightin Phils batting - Pitching for Harrisburg Senators : RHP Sam Wood
|
Pitching: LHP John Hattenhauer
|
|
Batting: RHB Matt Strong
|
0-0: Fly out, F9 (Flyball, 89D, EV 94.4 MPH)
|
Batting: LHB Danny Hill
|
0-0: Ball 1-0: Called Strike 1-1: Foul Ball, location: 2F 1-2: Ball 2-2: Ground out 6-3 (Groundball, 6, EV 76.2 MPH)
|
Batting: RHB Austin Wiebe
|
0-0: SOLO HOME RUN (Flyball, 89XD, EV 115.0 MPH), Distance : 418 ft
|
Batting: LHB Chris Fandino
|
0-0: Ball 1-0: Ball 2-0: Ball 3-0: Called Strike 3-1: Called Strike 3-2: Foul Ball, location: 2F 3-2: Strikes out looking
|
Bottom of the 7th over - 1 run, 1 hit, 0 errors, 0 left on base; Harrisburg 0 - Reading 4 |
TOP OF THE 8TH |
Harrisburg Senators batting - Pitching for Reading Fightin Phils : RHP Joe Kimbrough
|
Batting: RHB Juan Taveras
|
0-0: Ball 1-0: Ball 2-0: Called Strike 2-1: Ground out 6-3 (Groundball, 6M, EV 106.9 MPH)
|
Batting: LHB Adam Jacobs
|
0-0: Ball 1-0: Called Strike 1-1: Ball 2-1: Fly out, F8 (Flyball, 8RS, EV 93.8 MPH)
|
Batting: RHB Felix Torres
|
0-0: Ground out 4-3 (Groundball, 34, EV 81.9 MPH)
|
Top of the 8th over - 0 runs, 0 hits, 0 errors, 0 left on base; Harrisburg 0 - Reading 4 |
BOTTOM OF THE 8TH |
Reading Fightin Phils batting - Pitching for Harrisburg Senators : LHP John Hattenhauer
|
Pitching: RHP Allen Downing
|
|
Batting: LHB Darrell Ortega
|
0-0: SOLO HOME RUN (Flyball, 9D, EV 98.1 MPH), Distance : 370 ft
|
Batting: LHB Michael Tuttle
|
0-0: Ground out 4-3 (Groundball, 4, EV 90.0 MPH)
|
Batting: RHB Kory Sanchez
|
0-0: Swinging Strike 0-1: Ball 1-1: Foul Ball, location: 2F 1-2: Foul Ball, location: 2F 1-2: Foul Ball, location: 2F 1-2: Ground out 4-3 (Groundball, 4, EV 90.6 MPH)
|
Batting: RHB Fletcher Easter
|
0-0: Called Strike 0-1: Ball 1-1: Fly out, F7 (Line Drive, 7, EV 89.4 MPH)
|
Bottom of the 8th over - 1 run, 1 hit, 0 errors, 0 left on base; Harrisburg 0 - Reading 5 |
TOP OF THE 9TH |
Harrisburg Senators batting - Pitching for Reading Fightin Phils : RHP Joe Kimbrough
|
Batting: RHB Chris Pynn
|
0-0: Swinging Strike 0-1: Foul Ball, location: 2F 0-2: Ball 1-2: Foul Ball, location: 2F 1-2: Strikes out swinging
|
Batting: RHB Marcus Dawson
|
0-0: Called Strike 0-1: Foul Ball, location: 2F 0-2: Ball 1-2: Ball 2-2: Foul Ball, location: 2F 2-2: Foul Ball, location: 2F 2-2: Foul Ball, location: 2F 2-2: Foul Ball, location: 2F 2-2: Ball 3-2: Fly out, F4 (Line Drive, 4, EV 61.9 MPH)
|
Batting: RHB John McNeill
|
0-0: Swinging Strike 0-1: Ball 1-1: Foul Ball, location: 2F 1-2: SINGLE (Groundball, 34, EV 110.0 MPH)
|
Pitching: RHP John Gloe
|
|
Batting: RHB Donovan Auclair
|
0-0: Ball 1-0: Ball 2-0: Called Strike 2-1: Foul Ball, location: 2F 2-2: Ball 3-2: Strikes out looking
|
Top of the 9th over - 0 runs, 1 hit, 0 errors, 1 left on base; Harrisburg 0 - Reading 5 |
|